[Event "Titled Tuesday Blitz February 22 Late 2022"]
[White "Deac, Bogdan-Daniel"]
[Black "Sadhwani, Raunak"]
[WhiteFideId "1226380"]
[BlackFideId "35093487"]
[WhiteElo "2646"]
[BlackElo "2616"]
[Result "1/2-1/2"]
[Round "05"]
[TimeControl "180+1"]
[Date "2022.02.22"]
[WhiteClock "0:00:08"]
[BlackClock "0:00:14"]

1. e4 e5 2. Nf3 Nc6 3. Bb5 Nge7 4. Nc3 Ng6 5. h4 Be7 6. h5 Nh4 7. Nxh4 Bxh4 8. Qg4 Bf6 9. Nd5 Nd4 10. Bd3 c6 11. Nxf6+ Qxf6 12. c3 d6 13. Qg3 Ne6 14. Bc2 Bd7 15. d3 O-O-O 16. Be3 c5 17. O-O-O Kb8 18. Qh4 Qxh4 19. Rxh4 f6 20. g3 Rc8 21. f4 h6 22. Kd2 Rhe8 23. Bb3 Nc7 24. Rf1 b6 25. Bc2 Re7 26. Bb3 a5 27. a4 Kb7 28. Rhh1 Rd8 29. Ra1 Bc6 30. fxe5 dxe5 31. Ke2 Bd7 32. Rh4 Be6 33. Bc4 Red7 34. Rhh1 Bg4+ 35. Kf2 Be6 36. Ke2 Kc6 37. b3 Bxc4 38. dxc4 Rd3 39. Rac1 Ne6 40. Rhd1 Rxd1 41. Rxd1 Rxd1 42. Kxd1 Kd7 43. Ke2 Ke7 44. Kf3 Kf7 45. Kg4 Nc7 46. Kf3 Ne8 47. Ke2 Nd6 48. Kd3 Ke6 49. g4 Nb7 50. Bd2 Kd7 51. Be3 Nd8 52. Bd2 Nf7 53. Ke2 Ke6 54. Be3 Nd6 55. Kd3 Kf7 56. Bd2 Kg8 57. Be3 Kh7 58. b4 Nb7 59. Ke2 g6 60. bxc5 Nxc5 61. Bxc5 bxc5 62. Kf3 Kg7 63. Kg3 Kf7 64. hxg6+ Kxg6 65. Kh4 Kg7 66. Kg3 Kf7 67. Kh3 Kg7 68. Kg3 Kg6 69. Kh4 Kh7 70. Kg3 Kg7 71. Kh3 Kg6 72. Kh4 1/2-1/2


[Site "https://www.chess.com"]

[Event "Titled Tuesday Blitz February 22 Late 2022"]
[White "Debray, Christopher"]
[Black "Vovk, Orest"]
[WhiteFideId "630810"]
[BlackFideId "14113490"]
[WhiteElo "2369"]
[BlackElo "2203"]
[Result "1/2-1/2"]
[Round "05"]
[TimeControl "180+1"]
[Date "2022.02.23"]
[WhiteClock "0:00:02"]
[BlackClock "0:00:05"]

1. c4 g5 2. d4 h6 3. h4 g4 4. h5 Bg7 5. e4 c5 6. d5 d6 7. Nc3 Bxc3+ 8. bxc3 Qa5 9. Qd3 Nf6 10. Ne2 Nbd7 11. Bf4 Qa4 12. Ng3 b6 13. Nf5 Ba6 14. Nxh6 Rxh6 15. Bxh6 Ne5 16. Qe3 Bxc4 17. Bf4 Bxf1 18. Bxe5 dxe5 19. Kxf1 Nxe4 20. Re1 f5 21. Kg1 O-O-O 22. h6 Qxa2 23. Rh5 g3 24. fxg3 Nf6 25. Rxf5 Qxd5 26. Rxe5 Qc4 27. Rxe7 Ng4 28. Qe6+ Qxe6 29. R1xe6 Rd1+ 30. Re1 Rxe1+ 31. Rxe1 Nxh6 32. Re7 a5 33. Kf2 Kb8 34. Kf3 a4 35. c4 Nf5 36. Re1 Nd4+ 37. Ke4 Nc2 38. Rc1 Nb4 39. g4 Kc7 40. g5 Kd7 41. Kf5 Ke7 42. g6 a3 43. Ra1 a2 44. Ke5 Nd3+ 45. Ke4 Nb4 46. Ke5 Kf8 47. g4 Kg7 48. Kd6 Nd3 49. Kc7 Ne5 50. Kxb6 Nxc4+ 51. Kxc5 Ne3 52. Rxa2 Nxg4 53. Ra7+ Kxg6 54. Ra6+ Kg5 55. Kd4 Kf4 56. Ra4 Kf5 57. Ra8 Kf6 58. Rf8+ Ke6 59. Ra8 Nf6 60. Ra6+ Kf5 61. Ke3 Ng4+ 62. Kf3 Ne5+ 63. Kg3 Nd7 64. Ra5+ Ne5 65. Rb5 Ke4 66. Ra5 Kf5 67. Kf2 Ke4 68. Ke2 Kd4 69. Ra4+ Kd5 70. Ke3 Nc4+ 71. Kd3 Ne5+ 72. Kc3 Nc6 73. Ra6 Ne5 74. Ra5+ Ke4 75. Kd2 Kd4 76. Ra4+ Nc4+ 77. Ke2 Kd5 78. Kd3 Ne5+ 79. Kc3 Nc6 80. Rh4 Ne5 81. Rf4 Nc6 82. Rf5+ Ke4 83. Rh5 Ne5 84. Rxe5+ Kxe5 1/2-1/2


[Site "https://www.chess.com"]

[Event "Titled Tuesday Blitz February 22 Late 2022"]
[White "Djokic, Mihailo"]
[Black "Rorrer, Grayson"]
[WhiteFideId "976440"]
[BlackFideId "30944996"]
[WhiteElo "2008"]
[BlackElo "2122"]
[Result "0-1"]
[Round "05"]
[TimeControl "180+1"]
[Date "2022.02.23"]
[WhiteClock "0:00:01"]
[BlackClock "0:00:12"]

1. e4 e5 2. Nf3 Nc6 3. Nc3 Nf6 4. Bb5 Bb4 5. O-O O-O 6. d3 Bxc3 7. bxc3 d6 8. Re1 a6 9. Ba4 h6 10. d4 Qe7 11. h3 Rd8 12. Rb1 b5 13. Bb3 Na5 14. d5 Bb7 15. Nh4 Bc8 16. Qf3 Nxb3 17. cxb3 Nxd5 18. Qg3 Nf4 19. Bxf4 exf4 20. Qxf4 Qe5 21. Qe3 Bb7 22. Nf3 Qe7 23. Rbd1 Re8 24. Qf4 Rad8 25. Nd4 Qe5 26. Qh4 Qg5 27. Qxg5 hxg5 28. f3 Re5 29. Kf2 Rde8 30. Nc2 f6 31. Ne3 Kf7 32. Rd4 g6 33. Red1 f5 34. Re1 fxe4 35. Ng4 R5e6 36. fxe4 Rxe4 37. Rexe4 Rxe4 38. Rd3 Ke6 39. g3 Kf7 40. Nh2 Re6 41. Ng4 Be4 42. Rd4 Bf5 43. Nh6+ Kg7 44. Nxf5+ gxf5 45. Rd5 Kf6 46. a4 Re5 47. Rd4 Rc5 48. Rd3 Ke5 49. axb5 axb5 50. b4 Rc4 51. Re3+ Re4 52. Rd3 c5 53. bxc5 dxc5 54. Rd8 Rc4 55. Rd3 f4 56. gxf4+ gxf4 57. Kf3 b4 58. cxb4 cxb4 59. Re3+ fxe3 0-1


[Site "https://www.chess.com"]

[Event "Titled Tuesday Blitz February 22 Late 2022"]
[White "Dubov, Daniil"]
[Black "Sjugirov, Sanan"]
[WhiteFideId "24126055"]
[BlackFideId "4189302"]
[WhiteElo "2791"]
[BlackElo "2602"]
[Result "1/2-1/2"]
[Round "05"]
[TimeControl "180+1"]
[Date "2022.02.22"]
[WhiteClock "0:00:13"]
[BlackClock "0:00:28"]

1. d4 Nf6 2. Nf3 d5 3. c4 e6 4. g3 Bb4+ 5. Nbd2 O-O 6. Bg2 b6 7. O-O Bb7 8. Ne5 Re8 9. Qc2 Bf8 10. b3 Nbd7 11. Bb2 c5 12. Nxd7 Qxd7 13. dxc5 Bxc5 14. Bxf6 gxf6 15. Rad1 Rac8 16. Ne4 Qe7 17. Nxc5 Rxc5 18. Rd4 dxc4 19. Bxb7 Qxb7 20. bxc4 f5 21. Rfd1 Qe7 22. Rd7 Qf6 23. Rxa7 b5 24. Rdd7 bxc4 25. Rxf7 Qxf7 26. Rxf7 Kxf7 27. Qc3 Ra8 28. a3 Rb8 29. h4 Rb3 30. Qd4 Rc7 31. Qh8 Ke7 32. Qg7+ Kd6 33. Qd4+ Ke7 34. Qg7+ Kd6 35. Qd4+ Ke7 36. Qg7+ 1/2-1/2


[Site "https://www.chess.com"]

[Event "Titled Tuesday Blitz February 22 Late 2022"]
[White "Erdogdu, Mert"]
[Black "Van Foreest, Jorden"]
[WhiteFideId "6301495"]
[BlackFideId "1039784"]
[WhiteElo "2485"]
[BlackElo "2609"]
[Result "0-1"]
[Round "05"]
[TimeControl "180+1"]
[Date "2022.02.22"]
[WhiteClock "0:00:04"]
[BlackClock "0:00:46"]

1. e4 c6 2. d4 d5 3. exd5 cxd5 4. c4 Nf6 5. Nc3 g6 6. Qb3 Bg7 7. cxd5 O-O 8. Nge2 Nbd7 9. Nf4 Nb6 10. g3 g5 11. Nfe2 Nfxd5 12. Bxg5 Be6 13. Qd1 Nxc3 14. Nxc3 Qxd4 15. Qxd4 Bxd4 16. Bg2 Bxc3+ 17. bxc3 Bd5 18. f3 Rac8 19. O-O f6 20. Bh6 Rfd8 21. Rfc1 Na4 22. Bd2 Bxf3 23. Bxf3 Rxd2 24. Bxb7 Rc7 25. Bf3 Nxc3 26. a4 Kf7 27. a5 e5 28. Kh1 Rc5 29. Ra3 Ne4 30. Rxc5 Nxc5 31. Rc3 Ne6 32. h4 f5 33. Rb3 e4 34. Bh5+ Kf6 35. Kg1 Ra2 36. Rb5 Nd4 37. Rc5 e3 38. Rd5 Ra1+ 39. Kg2 e2 40. Bxe2 Nxe2 41. Rd6+ Ke5 42. Ra6 Ra3 43. Rxa7 Nxg3 44. Kf2 Ne4+ 45. Ke2 f4 46. Re7+ Kf5 47. Rxh7 f3+ 48. Kd1 Ra1+ 49. Kc2 f2 50. Rf7+ Nf6 0-1


[Site "https://www.chess.com"]

[Event "Titled Tuesday Blitz February 22 Late 2022"]
[White "Estrada Nieto, Julian"]
[Black "Zhou, Qiyu"]
[WhiteFideId "5101018"]
[BlackFideId "505161"]
[WhiteElo "2246"]
[BlackElo "1925"]
[Result "1-0"]
[Round "05"]
[TimeControl "180+1"]
[Date "2022.02.23"]
[WhiteClock "0:00:57"]
[BlackClock "0:00:01"]

1. e4 c5 2. Nf3 d6 3. Bb5+ Nd7 4. d4 cxd4 5. Qxd4 a6 6. Bxd7+ Bxd7 7. Nc3 h6 8. a4 e5 9. Qd3 Nf6 10. O-O Be7 11. Re1 O-O 12. Nd2 Rc8 13. Nf1 Be6 14. Ne3 Qc7 15. a5 Bc4 16. Nxc4 Qxc4 17. Rd1 Rfd8 18. Be3 Qb4 19. Bb6 Rd7 20. Rdb1 d5 21. exd5 e4 22. Qh3 Qd6 23. Rd1 Bd8 24. Bd4 Rc4 25. Bxf6 Bxf6 26. Qe3 Qe5 27. d6 Rc6 28. Nxe4 Kh7 29. Nxf6+ Qxf6 30. Qe4+ g6 31. c3 Rcxd6 32. Rxd6 Qxd6 33. g3 Re7 34. Qf3 Qd2 35. b4 Kg7 36. Rd1 Qc2 37. Rd6 Qb1+ 38. Kg2 1-0


[Site "https://www.chess.com"]

[Event "Titled Tuesday Blitz February 22 Late 2022"]
[White "Farmani Anosheh, Armin"]
[Black "Vargas Pereda, Jesus Manue"]
[WhiteFideId "24613240"]
[BlackFideId "5115710"]
[WhiteElo "2289"]
[BlackElo "1747"]
[Result "1-0"]
[Round "05"]
[TimeControl "180+1"]
[Date "2022.02.23"]
[WhiteClock "0:02:47"]
[BlackClock "0:02:31"]

1. d4 Nf6 2. c4 e5 3. dxe5 Ng4 4. Bf4 Bc5 5. e3 Nc6 6. Nf3 Qe7 7. Nc3 Bb4 8. Qc2 Ngxe5 9. Nxe5 Nxe5 10. Be2 d6 11. O-O Be6 12. Nd5 Bxd5 13. cxd5 Ba5 14. Qa4+ 1-0


[Site "https://www.chess.com"]

[Event "Titled Tuesday Blitz February 22 Late 2022"]
[White "Federzoni, Enzo"]
[Black "Wachinger, Guenther"]
[WhiteFideId "2173301"]
[BlackFideId "4604261"]
[WhiteElo "1956"]
[BlackElo "2212"]
[Result "0-1"]
[Round "05"]
[TimeControl "180+1"]
[Date "2022.02.23"]
[WhiteClock "0:00:36"]
[BlackClock "0:01:20"]

1. c4 e6 2. Nc3 d5 3. cxd5 exd5 4. d4 c6 5. Nf3 Bd6 6. Bg5 Qb6 7. Qc2 h6 8. Bh4 Ne7 9. e3 Bf5 10. Qd2 O-O 11. Be2 Nd7 12. O-O g5 13. Bg3 Bxg3 14. hxg3 Bg6 15. Bd3 Qc7 16. Ne5 Nxe5 17. dxe5 Qxe5 18. f4 Qe6 19. Rae1 Bxd3 20. Qxd3 f5 21. Ne2 c5 22. b4 b6 23. bxc5 bxc5 24. Kf2 Rfe8 25. Nc3 Rad8 26. Qb5 Qc6 27. Qa5 Nc8 28. Na4 Nd6 29. Nxc5 Qxc5 30. Qxc5 Ne4+ 31. Kf3 Nxc5 32. fxg5 hxg5 33. Rc1 Ne4 34. Rc7 Nd2+ 0-1


[Site "https://www.chess.com"]

[Event "Titled Tuesday Blitz February 22 Late 2022"]
[White "Fedoseev, Vladimir"]
[Black "Kollars, Dmitrij"]
[WhiteFideId "24130737"]
[BlackFideId "12909572"]
[WhiteElo "2726"]
[BlackElo "2584"]
[Result "0-1"]
[Round "05"]
[TimeControl "180+1"]
[Date "2022.02.22"]
[WhiteClock "0:00:01"]
[BlackClock "0:00:17"]

1. e4 e5 2. Nf3 Nc6 3. Bb5 a6 4. Ba4 Nf6 5. O-O Bc5 6. c3 b5 7. Bc2 d5 8. d4 dxe4 9. Nxe5 Nxe5 10. dxc5 Nd3 11. Bg5 Bf5 12. Nd2 Nxc5 13. b4 Ne6 14. Bxf6 Qxf6 15. Nxe4 Qg6 16. Qf3 O-O 17. Nf6+ Qxf6 18. Bxf5 Rad8 19. Rfd1 Ng5 20. Qg4 h5 21. Qxh5 Qxf5 22. Re1 Rd2 23. Qh4 Ne6 24. a4 Rfd8 25. axb5 axb5 26. h3 Qf4 27. Qxf4 Nxf4 28. Re5 Rd1+ 29. Rxd1 Rxd1+ 30. Kh2 Nd5 31. f3 c6 0-1


[Site "https://www.chess.com"]

[Event "Titled Tuesday Blitz February 22 Late 2022"]
[White "Garriga Cazorla, Pere"]
[Black "Suder, Jakub"]
[WhiteFideId "32011601"]
[BlackFideId "1195310"]
[WhiteElo "2458"]
[BlackElo "2058"]
[Result "1-0"]
[Round "05"]
[TimeControl "180+1"]
[Date "2022.02.23"]
[WhiteClock "0:01:11"]
[BlackClock "0:00:14"]

1. d4 d5 2. c4 e6 3. Nc3 a6 4. cxd5 exd5 5. Nf3 Nf6 6. Bg5 Be6 7. e3 Nbd7 8. Qb3 Ra7 9. Bd3 Bd6 10. O-O c6 11. Rab1 Qb8 12. Qc2 O-O 13. Bh4 b5 14. Rbc1 Rc8 15. Rfe1 c5 16. dxc5 Rxc5 17. a3 Bg4 18. Bg3 Bxf3 19. gxf3 Ne5 20. Be2 Re7 21. Rcd1 Nc4 22. Bxc4 Bxg3 23. hxg3 dxc4 24. e4 h5 25. f4 h4 26. e5 Nh5 27. Qf5 g6 28. Qg5 Re6 29. g4 Ng7 30. Ne4 Rc8 31. Nf6+ Rxf6 32. exf6 h3 33. Qh6 1-0


[Site "https://www.chess.com"]

[Event "Titled Tuesday Blitz February 22 Late 2022"]
[White "Gatterer, Florian"]
[Black "Sanchez Alvares, Kelvin Antonio"]
[WhiteFideId "811688"]
[BlackFideId "3906680"]
[WhiteElo "2218"]
[BlackElo "2193"]
[Result "0-1"]
[Round "05"]
[TimeControl "180+1"]
[Date "2022.02.23"]
[WhiteClock "0:00:15"]
[BlackClock "0:00:16"]

1. f4 g6 2. Nf3 Bg7 3. e4 c5 4. d3 Nc6 5. Be2 e6 6. O-O Nge7 7. c3 O-O 8. Be3 b6 9. d4 cxd4 10. cxd4 d5 11. e5 Bd7 12. Nc3 a6 13. Rc1 Na5 14. b3 Qb8 15. Qd2 Rc8 16. g4 Qb7 17. Nb1 Nac6 18. Rc2 Nd8 19. Rfc1 Rxc2 20. Rxc2 Rc8 21. Rxc8 Qxc8 22. Qc3 Qxc3 23. Nxc3 b5 24. Nd1 Bf8 25. Bd2 Nec6 26. Nf2 Nb4 27. Nd3 Nxa2 28. Nc5 Bxc5 29. dxc5 Nc6 30. Bd3 Nab4 31. Bb1 a5 32. Kf2 Na6 33. Be3 a4 34. bxa4 bxa4 35. Nd4 Nxd4 36. Bxd4 Bb5 37. Ke3 Nb4 38. Bb2 Nc6 39. Ba2 Kf8 40. f5 Ke7 41. h4 Bc4 42. Bb1 d4+ 43. Kf4 d3 44. Ke3 a3 45. Bxa3 Nxe5 46. c6+ Kd8 47. Bb4 Nxc6 48. Bc3 exf5 49. gxf5 gxf5 50. Bxd3 Bxd3 51. Kxd3 Kd7 52. Ke3 Ke6 53. Kf4 Ne7 54. Kg5 Nd5 55. Bd4 f4 56. Kg4 f5+ 57. Kf3 Ne7 58. h5 Nd5 59. Bg7 Kf7 60. Be5 Ke6 61. Bd4 Kd6 62. Bg7 Ke7 63. Be5 Kf7 64. Bd4 Ke6 65. Bg7 Nf6 66. Bxf6 Kxf6 67. Kxf4 h6 68. Kg3 Kg5 69. Kf3 Kxh5 70. Kf4 Kg6 71. Kf3 Kg5 72. Kg3 h5 73. Kf3 h4 74. Kg2 Kg4 75. Kh2 f4 76. Kg2 f3+ 77. Kg1 Kf4 78. Kf1 Kg3 79. Kg1 f2+ 80. Kf1 h3 81. Ke2 Kg2 82. Ke3 f1=Q 83. Kd4 Qf3 84. Ke5 h2 85. Ke6 h1=Q 86. Ke7 Qe1+ 87. Kd6 Qd3+ 88. Kc7 Qc1+ 89. Kb6 Qdb1+ 0-1


[Site "https://www.chess.com"]

[Event "Titled Tuesday Blitz February 22 Late 2022"]
[White "Gerbelli Neto, Eduardo"]
[Black "Moskvin, Anatoly"]
[WhiteFideId "2103281"]
[BlackFideId "24199990"]
[WhiteElo "2178"]
[BlackElo "2079"]
[Result "1-0"]
[Round "05"]
[TimeControl "180+1"]
[Date "2022.02.23"]
[WhiteClock "0:00:58"]
[BlackClock "0:00:01"]

1. e4 e5 2. Nc3 Nc6 3. Bc4 Nf6 4. d3 Na5 5. Nf3 Bb4 6. Bb3 Nxb3 7. axb3 d5 8. exd5 Nxd5 9. Bd2 Nxc3 10. bxc3 Bd6 11. O-O O-O 12. h3 f5 13. Qe2 Qf6 14. Rfe1 Re8 15. Bf4 e4 16. Bxd6 cxd6 17. dxe4 fxe4 18. Nd4 Qg6 19. Kh2 Re5 20. Qc4+ Kh8 21. Qc7 h6 22. Re3 Rg5 23. Rg3 Rxg3 24. fxg3 a6 25. Rf1 Be6 26. Qxd6 Bf7 27. Qe7 Bg8 28. Qxb7 Rd8 29. Qe7 Rc8 30. c4 Rc7 1-0


[Site "https://www.chess.com"]

[Event "Titled Tuesday Blitz February 22 Late 2022"]
[White "Golubenko, Valentina"]
[Black "Gimenez Aguirre, Alejo Ismael"]
[WhiteFideId "4501993"]
[BlackFideId "32041667"]
[WhiteElo "2164"]
[BlackElo "2031"]
[Result "1/2-1/2"]
[Round "05"]
[TimeControl "180+1"]
[Date "2022.02.23"]
[WhiteClock "0:00:12"]
[BlackClock "0:01:46"]

1. d4 Nf6 2. g3 e6 3. Bg2 c5 4. Nf3 Nc6 5. O-O d5 6. c4 Be7 7. e3 O-O 8. cxd5 Nxd5 9. Nc3 cxd4 10. exd4 Nxc3 11. bxc3 Bf6 12. Rb1 Qa5 13. Qc2 Rd8 14. Be3 Ne7 15. c4 Nf5 16. Rfd1 Nxe3 17. fxe3 Bd7 18. Qe2 Bc6 19. e4 Re8 20. d5 exd5 21. cxd5 Bxd5 22. Rb5 Qxa2 23. Qxa2 Bxa2 24. e5 Bd8 25. Rxb7 Bb6+ 26. Kh1 Rad8 27. Rbd7 Rxd7 28. Rxd7 Be6 29. Rd6 h6 30. h3 Bc8 31. Kh2 Bb7 32. Rd7 Bc6 33. Rd6 Ba8 34. Rd7 a5 35. Rd6 Bc5 36. Ra6 Bb4 37. Ra7 Bc6 38. g4 Bc3 39. Kg3 Bxf3 40. Bxf3 Bxe5+ 41. Kg2 Bc3 42. Bd5 Rf8 43. Kf3 g6 44. Ke4 Kg7 45. Kf4 Bd2+ 46. Ke4 Bb4 47. Kf4 Kf6 48. Ra6+ Kg7 49. Ra7 Bd2+ 50. Ke4 h5 51. Rb7 Re8+ 52. Kf3 Rf8 53. Ke4 Bb4 54. Kf3 h4 55. Ke4 Re8+ 56. Kf3 Re7 57. Rxe7 Bxe7 58. Bc6 Kf6 59. Bb5 Ke5 60. Bc4 f6 61. Bb5 Kd4 62. Be8 g5 63. Bd7 Kc3 64. Ke4 Bd6 65. Kf5 Be5 66. Ke4 Kb3 67. Kd3 a4 68. Be6+ Kb2 69. Kd2 a3 70. Kd3 a2 71. Bxa2 Kxa2 72. Ke3 Ka1 73. Kf3 Kb1 74. Ke3 Kc1 75. Kf3 Kd1 76. Kg2 Ke1 77. Kh1 Ke2 78. Kg2 Ke3 79. Kg1 Kf4 80. Kg2 Bd6 81. Kg1 Kg3 82. Kh1 Kxh3 83. Kg1 Kxg4 84. Kg2 f5 85. Kh1 f4 86. Kg1 f3 87. Kh1 Kf4 88. Kg1 g4 89. Kh1 g3 90. Kg1 h3 91. Kh1 f2 1/2-1/2


[Site "https://www.chess.com"]

[Event "Titled Tuesday Blitz February 22 Late 2022"]
[White "Golubev, Mikhail"]
[Black "Ankerst, Mihael"]
[WhiteFideId "14100983"]
[BlackFideId "14602369"]
[WhiteElo "2374"]
[BlackElo "2348"]
[Result "0-1"]
[Round "05"]
[TimeControl "180+1"]
[Date "2022.02.23"]
[WhiteClock "0:00:09"]
[BlackClock "0:01:58"]

1. e4 c5 2. Nf3 Qb6 3. Nc3 Nc6 4. Nd5 Qa5 5. Bb5 e6 6. Bxc6 bxc6 7. Nc3 Ne7 8. e5 Ng6 9. O-O Be7 10. d3 O-O 11. Re1 Rb8 12. Ne4 Qc7 13. Ned2 f6 14. exf6 Bxf6 15. Ne4 Be7 16. b3 e5 17. Ned2 d6 18. h3 Be6 19. Nc4 Rf5 20. Ne3 Rf7 21. Bb2 Rbf8 22. Nd2 Qd7 23. Rf1 Nf4 24. Kh2 Bxh3 25. Rg1 Qe6 26. g3 Qh6 0-1


[Site "https://www.chess.com"]

[Event "Titled Tuesday Blitz February 22 Late 2022"]
[White "Gupta, Abhijeet"]
[Black "Vidit, Santosh Gujrathi"]
[WhiteFideId "5010608"]
[BlackFideId "5029465"]
[WhiteElo "2549"]
[BlackElo "2654"]
[Result "1-0"]
[Round "05"]
[TimeControl "180+1"]
[Date "2022.02.22"]
[WhiteClock "0:00:13"]
[BlackClock "0:00:02"]

1. d4 Nf6 2. Nf3 d5 3. Bf4 c5 4. e3 e6 5. c3 Bd6 6. Ne5 O-O 7. Nd2 Qc7 8. Bd3 Nc6 9. Ndf3 cxd4 10. exd4 Ng4 11. Ng5 f5 12. Nxh7 Kxh7 13. Qxg4 Nxe5 14. dxe5 Bxe5 15. Bxe5 Qxe5+ 16. Qe2 Qxe2+ 17. Kxe2 e5 18. f4 exf4 19. Raf1 g5 20. h4 Kg6 21. hxg5 Kxg5 22. Rh7 b6 23. Rfh1 Be6 24. Kf3 Bf7 25. Rg7+ Kf6 26. Rgh7 Kg5 27. Kf2 Rae8 28. Be2 Re6 29. Bf3 Rd6 30. Rg7+ Rg6 31. Rxg6+ Kxg6 32. Ke2 d4 33. cxd4 Bxa2 34. Kd3 Rc8 35. d5 Bb3 36. Kd4 a5 37. Ke5 Rc2 38. Rh8 Rxb2 39. d6 Rd2 40. Rb8 a4 41. Rxb6 Kg5 42. Rb7 Rd3 43. d7 Bc4 44. Rb4 Rxd7 45. Rxc4 Ra7 46. Rc2 a3 47. Ra2 Ra4 48. Kd5 Kh4 49. Kc5 Kg3 50. Kb5 Ra7 51. Kb4 Re7 52. Rxa3 Kf2 53. Ra5 Re3 54. Rxf5 Rxf3 55. gxf3 Kxf3 56. Kc3 Ke3 57. Re5+ Kf2 58. Kd2 f3 59. Rf5 Kg2 60. Ke3 1-0


[Site "https://www.chess.com"]

[Event "Titled Tuesday Blitz February 22 Late 2022"]
[White "Guz, Ari"]
[Black "Steenbekkers, Franck"]
[WhiteFideId "2825759"]
[BlackFideId "1004220"]
[WhiteElo "1913"]
[BlackElo "2166"]
[Result "1-0"]
[Round "05"]
[TimeControl "180+1"]
[Date "2022.02.23"]
[WhiteClock "0:02:11"]
[BlackClock "0:00:01"]

1. b3 e5 2. Bb2 Nc6 3. g3 d5 4. Bg2 Be6 5. d3 f6 6. Nd2 Bd6 7. e4 Nge7 8. Ne2 O-O 9. O-O Qd7 10. Re1 Bh3 11. Bh1 d4 12. Nc4 f5 13. Nxd6 Qxd6 14. c3 f4 15. cxd4 Nxd4 16. Nxd4 exd4 17. Qh5 Qd7 18. Bxd4 fxg3 19. Be3 gxf2+ 20. Bxf2 Rxf2 21. Kxf2 Rf8+ 22. Bf3 Bg4 23. Qe5 Bxf3 24. Ke3 Ng6 25. Qd5+ Qxd5 26. exd5 Bxd5 27. Rac1 c6 28. Kd4 b6 29. b4 a6 30. a4 Rf2 31. b5 Rf4+ 32. Ke3 Rf3+ 33. Kd4 Rf4+ 34. Ke3 Rf3+ 35. Kd2 axb5 36. axb5 cxb5 37. Rc7 Nf8 38. Ree7 Rf2+ 39. Ke3 Rg2 40. Re8 Bf7 41. Rb8 b4 42. Rcc8 g5 43. Rxf8+ Kg7 44. Rfc8 b3 45. Rxb6 Rxh2 46. Rc7 Rh3+ 47. Kd2 Rh2+ 48. Kc3 Rc2+ 49. Kd4 Rxc7 50. Rb4 Rd7+ 51. Ke3 h5 52. Kd2 g4 53. Rb5 Kg6 54. Rg5+ 1-0


[Site "https://www.chess.com"]

[Event "Titled Tuesday Blitz February 22 Late 2022"]
[White "Hadzovic, Amir"]
[Black "Nikologorsky, Matfei"]
[WhiteFideId "14402300"]
[BlackFideId "24102474"]
[WhiteElo "2214"]
[BlackElo "2231"]
[Result "1-0"]
[Round "05"]
[TimeControl "180+1"]
[Date "2022.02.23"]
[WhiteClock "0:00:12"]
[BlackClock "0:00:04"]

1. e4 c5 2. Nc3 e6 3. f4 d5 4. Bb5+ Bd7 5. Qe2 dxe4 6. Nxe4 Nc6 7. Nf3 a6 8. Bxc6 Bxc6 9. d3 Nf6 10. O-O Be7 11. Ne5 Bxe4 12. dxe4 Qd4+ 13. Kh1 Qxe4 14. Qf2 O-O 15. Be3 Rac8 16. Rae1 Qa4 17. a3 Nd5 18. b3 Qe8 19. Bc1 Bf6 20. Qg3 Ne7 21. Qh3 Ng6 22. Ng4 Bh4 23. f5 Bxe1 24. fxg6 hxg6 25. Rxe1 Rd8 26. Bg5 Rd5 27. Qh4 Qd7 28. c4 Rd1 29. h3 Rxe1+ 30. Qxe1 f6 31. Be3 b6 32. Nf2 Rd8 33. Qe2 Kf7 34. Kg1 a5 35. a4 Qd6 36. Qf3 Rd7 37. h4 Qe5 38. g4 Kg8 39. Kg2 Qb2 40. h5 gxh5 41. gxh5 Qxb3 42. Qa8+ Kh7 43. Qe4+ Kh8 44. Qxe6 Rd8 45. Ng4 Qd3 46. h6 Qc2+ 47. Kg3 Qg6 48. hxg7+ Qxg7 49. Kf3 f5 50. Ne5 Rg8 51. Nf7+ Kh7 52. Ng5+ Kh8 53. Bf4 Qb7+ 54. Kf2 Rxg5 55. Bxg5 Qe4 56. Qh6+ Kg8 57. Qg6+ Kf8 58. Bh6+ Ke7 59. Bg5+ Kd7 60. Qf7+ Kc6 61. Qf6+ Kd7 62. Qd8+ Kc6 63. Qa8+ Kd6 64. Qxe4 fxe4 65. Ke3 Ke5 66. Bd8 b5 67. axb5 a4 68. Ba5 a3 69. Bc3+ Kd6 70. Kxe4 Kc7 71. Kd5 Kb6 72. Ba1 a2 73. Bb2 Ka5 74. Kxc5 Ka4 75. Bd4 Kb3 76. b6 Kc2 77. b7 Kd3 78. Bf6 a1=Q 79. Bxa1 Kc2 80. b8=Q Kd3 81. Qb3+ Kd2 82. Kb5 Ke2 83. c5 Kf2 84. c6 Kg2 85. c7 Kf2 86. c8=Q Kg2 87. Qcc2+ Kf1 88. Qbb1# 1-0


[Site "https://www.chess.com"]

[Event "Titled Tuesday Blitz February 22 Late 2022"]
[White "Hakobyan, Aram"]
[Black "Iskusnyh, Sergei"]
[WhiteFideId "13306677"]
[BlackFideId "4120027"]
[WhiteElo "2557"]
[BlackElo "2492"]
[Result "1-0"]
[Round "05"]
[TimeControl "180+1"]
[Date "2022.02.22"]
[WhiteClock "0:00:41"]
[BlackClock "0:00:14"]

1. d4 d5 2. c4 c6 3. cxd5 cxd5 4. Bg5 h6 5. Bf4 Nf6 6. e3 Nc6 7. Bd3 Bg4 8. Qb3 Na5 9. Qc2 Rc8 10. Nc3 a6 11. Rc1 Nc4 12. h3 Bd7 13. Nf3 e6 14. O-O Be7 15. Ne5 b5 16. Qe2 O-O 17. Nb1 Nxe5 18. Bxe5 Ne4 19. Bxe4 dxe4 20. Nd2 f6 21. Bf4 Bc6 22. Rc2 Qd5 23. Rfc1 Bb7 24. Rc7 Qxa2 25. Qg4 f5 26. Qg6 Bf6 27. Bxh6 1-0


[Site "https://www.chess.com"]

[Event "Titled Tuesday Blitz February 22 Late 2022"]
[White "Hambleton, Aman"]
[Black "Mortazavi, Ali"]
[WhiteFideId "2606577"]
[BlackFideId "401323"]
[WhiteElo "2552"]
[BlackElo "2339"]
[Result "1-0"]
[Round "05"]
[TimeControl "180+1"]
[Date "2022.02.23"]
[WhiteClock "0:00:02"]
[BlackClock "0:00:01"]

1. d4 Nf6 2. c4 g6 3. Nc3 Bg7 4. e4 O-O 5. Bd3 d6 6. Nge2 Nc6 7. h3 Nh5 8. Be3 e5 9. d5 Nd4 10. g4 Nf3+ 11. Kf1 Nf4 12. Nxf4 exf4 13. Bxf4 Nd4 14. Kg2 f5 15. exf5 gxf5 16. g5 c5 17. Qd2 a6 18. Rae1 b5 19. b3 Ra7 20. Ne2 bxc4 21. Bxc4 a5 22. Nxd4 cxd4 23. Re2 a4 24. h4 axb3 25. axb3 Rc7 26. Rhe1 Bb7 27. Qb4 Qa8 28. Qxd6 Rcf7 29. Re7 d3 30. Rxf7 Rxf7 31. Rd1 Rf8 32. Rxd3 Rd8 33. Qe6+ Kh8 34. Be5 Rg8 35. Kg3 f4+ 36. Bxf4 Qf8 37. Be5 Bc8 38. Bxg7+ Rxg7 39. Qe4 Qd8 40. Rf3 Qd7 41. Kg2 Rg8 42. Qe5+ 1-0


[Site "https://www.chess.com"]

[Event "Titled Tuesday Blitz February 22 Late 2022"]
[White "Hasangatin, Ramil"]
[Black "Timofeev, Artyom"]
[WhiteFideId "4122160"]
[BlackFideId "4140419"]
[WhiteElo "2375"]
[BlackElo "2583"]
[Result "1/2-1/2"]
[Round "05"]
[TimeControl "180+1"]
[Date "2022.02.22"]
[WhiteClock "0:00:04"]
[BlackClock "0:00:13"]

1. e4 d6 2. d4 Nf6 3. Nc3 g6 4. Nf3 Bg7 5. h3 O-O 6. Be3 a6 7. a4 Nc6 8. d5 Nb8 9. a5 Nbd7 10. Bc4 c6 11. O-O cxd5 12. exd5 Qc7 13. Qe2 Nc5 14. Bd4 Re8 15. Rfe1 Bf5 16. b4 Ncd7 17. Bb3 Rac8 18. g4 Nxg4 19. hxg4 Bxg4 20. Bxg7 Kxg7 21. Ne4 Ne5 22. Ned2 Qc3 23. Kg2 Qxb4 24. Qe4 Qxe4 25. Rxe4 Bf5 26. Re2 Bxc2 27. Nxe5 dxe5 28. Rxe5 Bxb3 29. Nxb3 Kf6 30. Re3 Red8 31. Rd1 Rd6 32. Rf3+ Kg7 33. Re3 Rc7 34. Red3 h5 35. f4 Kf6 36. Kg3 Rc4 37. Nd2 Ra4 38. Kf3 Kf5 39. Re1 f6 40. Rxe7 Rxa5 41. Rxb7 Rdxd5 42. Rxd5+ Rxd5 43. Ke3 g5 44. fxg5 fxg5 45. Rf7+ Kg4 46. Ne4 Re5 47. Kd4 Re6 48. Rf1 Rg6 49. Rg1+ Kf4 50. Rf1+ Kg4 51. Rg1+ Kf5 52. Rf1+ Ke6 53. Nc5+ Ke7 54. Re1+ Kf7 55. Rf1+ Kg7 56. Ke5 g4 57. Ne6+ Kh6 58. Rf8 Kh7 59. Rf7+ Kg8 60. Rf8+ Kh7 61. Rf7+ Kg8 62. Rf8+ Kh7 1/2-1/2


[Site "https://www.chess.com"]